 Dungeon Crawl Stone Soup version 0.30.1-11-g7821555f0a (webtiles) character file.

Game seed: 9076850498313168245

129285 tallbingo the Peltast (level 16, 149/149 HPs)
             Began as a Minotaur Fighter on Dec 3, 2023.
             Was the Champion of the Shining One.
             Quit the game on level 1 of the Depths on Dec 19, 2023.
             The game lasted 03:34:32 (27692 turns).

tallbingo the Peltast (Minotaur Fighter)           Turns: 27692, Time: 03:34:33

Health: 149/149    AC: 17    Str: 33    XL:     16   Next: 50%
Magic:  17/17      EV: 15    Int:  5    God:    the Shining One [******]
Gold:   1302       SH: 24    Dex: 12    Spells: 15/15 levels left

rFire   + . .        i - +3 sacred scourge (holy)
rCold   . . .        I - +5 Storm Queen's Shield {shock, Fly rElec}
rNeg    + + +        e - +5 ring mail {rF+}
rPois   .            a - +2 hat
rElec   +            (no cloak)
rCorr   .            S - +1 pair of gloves
SInv    .            (no boots)
Will    ++...        l - amulet of reflection
Stlth   +            q - ring of willpower
HPRegen 0.44/turn    K - +6 ring of strength
MPRegen 0.15/turn

%: reflection
@: flying, glowing
A: horns 2, retaliatory headbutt
a: Renounce Religion, Divine Shield, Cleansing Flame, Summon Divine Warrior


You were on level 1 of the Depths.
You worshipped the Shining One.
The Shining One was exalted by your worship.
You visited 7 branches of the dungeon, and saw 24 of its levels.
You visited 1 bazaar.

You collected 2679 gold pieces.
You spent 1377 gold pieces at shops.

Inventory:

Hand Weapons
 i - a +3 sacred scourge of holy wrath (weapon)
 y - a +4 flail of protection
 E - a +2 scimitar of flaming
 J - a +5 long sword of holy wrath
 Q - a +1 great sword of electrocution
 Y - a +5 spear of freezing
 Z - a +0 shortbow of flaming
Missiles
 U - a boomerang (quivered)
 W - 3 poisoned darts
 X - 8 curare-tipped darts
Armour
 a - a +2 hat (worn)
 c - a +3 buckler
 e - a +5 ring mail of fire resistance (worn)
 k - an orb of guile
 t - an orb of light
 I - the +5 Storm Queen's Shield (worn) {shock, Fly rElec}
   (You bought it in a shop on level 2 of the Dungeon)

   Shock:     When it blocks an attack, it may electrocute the attacker.
   This works even against foes who are a short distance away.
   rElec:     It insulates you from electricity.
   Fly:       It grants you flight.
 S - a +1 pair of gloves (worn)
Jewellery
 h - a ring of protection from cold
 l - an amulet of reflection (around neck)
 p - a ring of poison resistance
 q - a ring of willpower (left hand)
 u - an amulet of regeneration
 A - a ring of positive energy
 K - a +6 ring of strength (right hand)
Wands
 n - a wand of polymorph (6)
 o - a wand of quicksilver (7)
 x - a wand of mindburst (14)
 G - a wand of digging (6)
 N - a wand of flame (22)
 O - a wand of roots (17)
 P - a wand of paralysis (6)
Scrolls
 b - 2 scrolls of brand weapon
 d - 3 scrolls of vulnerability
 f - 4 scrolls of enchant armour
 j - 4 scrolls of poison
 s - 2 scrolls of fear
 v - 2 scrolls of immolation
 H - 3 scrolls of magic mapping
 L - a scroll of summoning
 M - a scroll of fog
 R - 2 scrolls of acquirement
Potions
 m - 2 potions of cancellation
 w - 2 potions of haste
 z - 3 potions of brilliance
 C - 3 potions of berserk rage
 F - 5 potions of flight
 T - 3 potions of might
 V - a potion of magic
Miscellaneous
 g - a tin of tremorstones (2/2)
 r - a phantom mirror (inert)
 D - a box of beasts


   Skills:
 + Level 15.3 Fighting
 + Level 7.2 Long Blades
 + Level 16.8 Maces & Flails
 + Level 11.1 Throwing
 + Level 11.4 Armour
 + Level 10.5 Dodging
 + Level 3.2 Stealth
 + Level 17.9 Shields
 + Level 3.5 Invocations
 + Level 1.3 Evocations


You had 15 spell levels left.
You didn't know any spells.
Your spell library contained the following spells:

 Spells                   Type           Power      Damage    Failure   Level
 Apportation              Tloc           0%         N/A       65%         1
 Beastly Appendage        Tmut           0%         N/A       65%         1
 Sting                    Tmut/Pois      0%         1d3       65%         1
 Scorch                   Fire           0%         2d5       78%         2
 Searing Ray              Conj           0%         2d4       78%         2
 Wereblood                Tmut           0%         N/A       78%         2
 Dazzling Flash           Conj/Hex       0%         N/A       95%         3
 Mephitic Cloud           Conj/Pois/Air  0%         N/A       95%         3
 Portal Projectile        Hex/Tloc       0%         N/A       95%         3
 Spider Form              Tmut/Pois      0%         N/A       95%         3
 Tukima's Dance           Hex            0%         N/A       95%         3
 Vhi's Electric Charge    Tloc/Air       0%         N/A       95%         3
 Volatile Blastmotes      Fire/Tloc      0%         2d10      95%         3
 Animate Armour           Summ/Erth      0%         N/A       100%        4
 Animate Dead             Necr           0%         N/A       100%        4
 Flame Wave               Conj/Fire      0%         2d4       100%        4
 Iskenderun's Mystic Bla  Conj/Tloc      0%         2d3       100%        4
 Leda's Liquefaction      Hex/Erth       0%         N/A       100%        4
 Agony                    Necr           0%         N/A       100%        5
 Alistair's Intoxication  Tmut/Pois      0%         N/A       100%        5
 Arcjolt                  Conj/Air       0%         1d10      100%        5
 Blade Hands              Tmut           0%         N/A       100%        5
 Borgnjor's Vile Clutch   Necr/Erth      0%         N/A       100%        5
 Lee's Rapid Deconstruct  Erth           0%         3d4*      100%        5
 Silence                  Hex/Air        0%         N/A       100%        5
 Yara's Violent Unravell  Hex/Tmut       0%         3d3       100%        5
 Death Channel            Necr           0%         N/A       100%        6
 Starburst                Conj/Fire      0%         6d3       100%        6
 Statue Form              Tmut/Erth      0%         N/A       100%        6
 Summon Cactus Giant      Summ           0%         N/A       100%        6
 Orb of Destruction       Conj           0%         9d5       100%        7
 Ozocubu's Refrigeration  Ice            0%         4d7       100%        7
 Maxwell's Capacitive Co  Air            0%         ∞         100%        8


Dungeon Overview and Level Annotations

Branches:
Dungeon (15/15)            Temple (1/1) D:4            Lair (1/5) D:9
    Orc (2/2) D:11            Elf (2/3) Orc:2        Vaults (0/5) D:14
 Depths (2/4) D:15           Hell (visited)
    Dis: Hell:1         Geh: Hell:1         Coc: Hell:1         Tar: Hell:1

Altars:
Ashenzari
Cheibriados
Dithmenos
Elyvilon
Fedhas
Gozag
Hepliaklqana
Kikubaaqudgha
Makhleb
Nemelex Xobeh
Okawaru
Qazlal
Ru
Sif Muna
Trog
Uskayaw
Vehumet
Wu Jian
Xom
Yredelemnul
Zin
The Shining One

Shops:
D:2 [   D:12 *   D:14 !   D:15 [?*   Orc:2 (*=![   Depths:1 *

Portals:
Hell: Depths:1 Depths:2

Annotations:
D:15 3 runed translucent doors, Wyiwo's ghost, adept FoFi
Hell Geryon


Innate Abilities, Weirdness & Mutations

You have a pair of horns on your head.
You reflexively headbutt those who attack you in melee.


Message History

You whack the soul eater!
The soul eater convulses!
You kill the soul eater!
The Shining One accepts your kill.
You feel better.
You feel your power returning.
You feel sick. You block the sun demon's attack.
You closely miss the sun demon. You headbutt the sun demon!
The sun demon is lightly wounded.
You feel very sick.
You hit the sun demon.
The sun demon convulses.
Your headbutt misses the sun demon.
The sun demon is moderately wounded.
You feel sick. You block the sun demon's attack.
Your shield discharges, shocking the sun demon!
The sun demon resists.
You thrash the sun demon!!
The sun demon convulses!!
You kill the sun demon!
The Shining One accepts your kill.
You feel better.
You feel sick.
You start resting.
You feel very sick. x2
You feel sick. x13
You are no longer poisoned.
You start resting.
Your extra speed is starting to run out.
You start resting.
You feel yourself slow down.
You start resting.
HP restored.
You start waiting.
Done waiting.
Welcome back, tallbingo the Minotaur Fighter.
The Shining One says: Lead the forces of light to victory!
Press ? for a list of commands and other information.
Okay, then.
Welcome back, tallbingo the Minotaur Fighter.
The Shining One says: Lead the forces of light to victory!
Press ? for a list of commands and other information.
Unknown command.
Are you sure you want to abandon this character and quit the game? (Confirm with "yes".)

#............................~≈~.
.......###.......................
........##..................[....
.......###............~.....[....
........#.........~~.~~~÷)....^..
....##............≈~...~.##......
.#..#..##.....÷.÷.~~.....#.......
##.............∩..~~.[...........
................@.~~.....~~...#.#
...........~~.....~≈~....~~..####
..................≈≈~...~~~......
...............>..~≈~.~≈~≈~......
~~≈~.###..........~≈..~≈≈≈~......
~~~~..#..............≈≈≈≈~.......
≈~~..................~≈≈≈~.......
≈≈~....................~≈~.......
~~~....................~.........


There were no monsters in sight!

Vanquished Creatures
  Jorgrun (Orc:1)
  Asterion (Elf:1)
  A lich (Depths:1)
  Gastronok (Lair:1)
  Frances (D:13)
  A tengu reaver (Depths:1)
  A frost giant (Depths:1)
  A deep elf sorcerer (Elf:1)
  A balrug (Depths:1)
  An orc warlord (Orc:1)
  A stone giant (Depths:1)
  A lorocyproca (Depths:1)
  A dire elephant (D:15)
  A deep elf death mage (Elf:1)
  2 merfolk javelineers (Depths:1)
  A great orb of eyes (D:15)
  A fire dragon (Depths:1)
  2 ettins (Depths:1)
  2 rakshasas
  A hydra (D:15)
  Erolcha (D:13)
  10 centaur warriors
  2 catoblepae
  2 deep troll shamans (Depths:1)
  9 dancing weapons
  3 boulder beetles
  2 two-headed ogres (D:14)
  A deep troll earth mage (Depths:1)
  A hell hog (Depths:1)
  7 orc high priests
  7 sun demons (Depths:1)
  8 deep elf knights
  Sonja (D:11)
  2 soul eaters (Depths:1)
  9 skeletal warriors
  Lodul (D:13)
  An iron troll (Depths:1)
  A flayed ghost (Depths:1)
  6 deep trolls
  A harpy (shapeshifter) (Elf:1)
  9 deep elf archers
  22 deep elf pyromancers
  A wizard (D:14)
  Pikel (D:8)
  19 deep elf zephyrmancers
  5 orc knights
  A wolf spider zombie (D:15)
  12 ugly things
  3 orc sorcerers
  2 manticores
  6 cyclopes
  5 centaur zombies (D:15)
  A salamander (D:15)
  A rust devil (Depths:1)
  A black mamba (Lair:1)
  Maurice (Orc:2)
  Joseph (D:8)
  An unseen horror (D:11)
  2 cane toads (Lair:1)
  A gargoyle (D:13)
  Psyche (D:8)
  A kobold demonologist (D:11)
  A komodo dragon (Lair:1)
  An efreet (D:12)
  7 trolls
  A hornet (D:9)
  A meliai zombie (D:15)
  14 slime creatures
  A centaur simulacrum (D:15)
  An air elemental (Elf:2)
  3 shadows
  4 wraiths
  4 vampires
  3 water elementals
  Eustachio (D:5)
  3 basilisks
  3 wyverns
  17 yaks
  A fire elemental (Elf:2)
  4 wargs
  Edmund (D:4)
  3 water moccasins
  4 acid dragons
  Duvessa (D:5)
  27 orc warriors
  2 ice beasts
  3 black bears
  5 wolves (D:9)
  9 centaurs
  17 ogres
  A kobold brigand (D:8)
  6 phantoms
  Blork the orc (D:5)
  6 bullfrogs
  4 scorpions
  A gnoll sergeant (D:12)
  10 earth elementals
  7 wights (D:9)
  Dowan (D:5)
  3 jellies
  9 killer bees
  2 electric eels (D:9)
  A howler monkey (D:6)
  5 hounds
  16 orc priests
  A sleepcap (D:4)
  2 iguanas
  17 orc wizards
  4 hell rats (Depths:1)
  10 gnolls
  4 adders
  A shadow imp (D:6)
  A white imp (D:7)
  An ufetubus (D:6)
  64 orcs
  11 ball pythons
  11 endoplasms
  2 giant cockroaches
  4 goblins
  10 hobgoblins
  6 jackals (D:1)
  2 quokkas
  4 bats
  2 frilled lizards (D:1)
  11 kobolds
  5 rats
583 creatures vanquished.

Vanquished Creatures (collateral kills)
  Roxanne (D:15)
  3 dancing weapons (Elf:2)
  5 deep elf knights
  3 deep elf zephyrmancers (Elf:1)
  2 orc knights (Elf:2)
  3 deep elf pyromancers
  A manticore (D:12)
  A fire elemental (Elf:2)
  3 orc warriors
  2 orcs (Elf:2)
24 creatures vanquished.

Vanquished Creatures (others)
  2 deep elf pyromancers
  A centaur (D:15)
  An orc wizard (D:5)
4 creatures vanquished.

Grand Total: 611 creatures vanquished

Notes
Turn   | Place    | Note
-------+----------+-------------------------------------------
     0 | D:1      | tallbingo the Minotaur Fighter began the quest for the Orb.
     0 | D:1      | Reached XP level 1. HP: 19/19 MP: 0/0
    43 | D:1      | Reached XP level 2. HP: 21/27 MP: 1/1
   171 | D:1      | Reached skill level 4 in Shields
   415 | D:1      | Reached XP level 3. HP: 33/33 MP: 2/2
   887 | D:2      | Reached XP level 4. HP: 40/41 MP: 3/3
  1146 | D:2      | Found Wanliun's Antique Armour Shop.
  2077 | D:3      | Noticed a phantom
  2086 | D:3      | Killed a phantom
  2087 | D:3      | Reached XP level 5. HP: 47/47 MP: 4/4
  2225 | D:4      | Found a white marble altar of Elyvilon.
  2253 | D:4      | Reached skill level 1 in Dodging
  2284 | D:4      | Noticed Edmund
  2311 | D:4      | Killed Edmund
  2312 | D:4      | Reached skill level 5 in Fighting
  2312 | D:4      | Reached skill level 5 in Long Blades
  2312 | D:4      | Reached XP level 6. HP: 23/56 MP: 5/5
  2546 | D:4      | Reached skill level 5 in Shields
  2563 | D:4      | Found a staircase to the Ecumenical Temple.
  2572 | Temple   | Entered the Ecumenical Temple
  2668 | Temple   | Became a worshipper of the Shining One
  2732 | D:4      | Reached skill level 5 in Armour
  2927 | D:4      | Reached XP level 7. HP: 41/61 MP: 6/6
  3487 | D:5      | Entered Level 5 of the Dungeon
  3487 | D:5      | Noticed Eustachio
  3741 | D:5      | Killed Eustachio
  3991 | D:5      | Noticed Duvessa
  3994 | D:5      | Noticed Dowan
  4005 | D:5      | Killed Duvessa
  4006 | D:5      | Reached skill level 6 in Shields
  4006 | D:5      | Reached XP level 8. HP: 61/69 MP: 7/7
  4015 | D:5      | Killed Dowan
  4223 | D:5      | Reached skill level 1 in Throwing
  4237 | D:5      | Reached skill level 1 in Stealth
  4549 | D:5      | Found an ornate altar of the Wu Jian Council.
  4664 | D:5      | Reached skill level 1 in Maces & Flails
  4896 | D:5      | Noticed Blork the orc
  4907 | D:5      | Killed Blork the orc
  5152 | D:5      | Reached * piety under the Shining One
  5160 | D:5      | Reached skill level 7 in Shields
  5377 | D:6      | Found a sacrificial altar of Ru.
  5878 | D:6      | Reached XP level 9. HP: 59/75 MP: 8/8
  6086 | D:6      | Found a basalt altar of Yredelemnul.
  6089 | D:6      | Found a burning altar of Makhleb.
  6107 | D:6      | Found an opulent altar of Gozag.
  6112 | D:6      | Found a radiant altar of Vehumet.
  6117 | D:6      | Found a shadowy altar of Dithmenos.
  6119 | D:6      | Found a shimmering altar of Xom.
  6130 | D:6      | Found a hide-covered altar of Uskayaw.
  6292 | D:6      | Noticed a troll
  6302 | D:6      | Killed a troll
  6415 | D:6      | Reached skill level 5 in Maces & Flails
  6912 | D:7      | Reached skill level 8 in Shields
  7646 | D:8      | Noticed Joseph
  7658 | D:8      | Killed Joseph
  7662 | D:8      | Reached ** piety under the Shining One
  7679 | D:8      | Reached XP level 10. HP: 68/86 MP: 9/9
  7824 | D:8      | Noticed Psyche
  7837 | D:8      | Killed Psyche
  8043 | D:8      | Identified the +1 robe of Jigsaw {rN+ Regen+ Int-2}
  8049 | D:8      | Found a shimmering blue altar of Sif Muna.
  8102 | D:8      | Noticed Pikel
  8111 | D:8      | Killed Pikel
  8239 | D:8      | Reached skill level 9 in Shields
  8667 | D:9      | Reached skill level 10 in Maces & Flails
  8677 | D:9      | Reached skill level 5 in Throwing
  8900 | D:9      | Found a staircase to the Lair.
  9246 | D:9      | Found an iron altar of Okawaru.
  9292 | D:9      | Reached XP level 11. HP: 94/94 MP: 10/10
  9801 | D:9      | Reached *** piety under the Shining One
  9971 | Lair:1   | Entered Level 1 of the Lair of Beasts
 10035 | Lair:1   | Noticed Gastronok
 10061 | Lair:1   | Killed Gastronok
 10062 | Lair:1   | Reached skill level 5 in Dodging
 10066 | Lair:1   | Found a gate leading to a gauntlet.
 10266 | Lair:1   | Noticed a catoblepas
 10280 | Lair:1   | Killed a catoblepas
 10281 | Lair:1   | Reached skill level 10 in Shields
 11164 | D:10     | Entered Level 10 of the Dungeon
 11790 | D:11     | Found a staircase to the Orcish Mines.
 12297 | D:12     | Reached XP level 12. HP: 88/104 MP: 11/11
 12560 | D:12     | Noticed a boulder beetle
 12574 | D:12     | Killed a boulder beetle
 12634 | D:12     | Found Hiobuaxupu's General Store.
 12642 | D:12     | Bought a scroll of summoning for 161 gold pieces
 12972 | D:12     | Found a transporter.
 13111 | D:13     | Noticed a centaur warrior
 13120 | D:13     | Killed a centaur warrior
 13148 | D:13     | Noticed a centaur warrior
 13148 | D:13     | Reached **** piety under the Shining One
 13154 | D:13     | Killed a centaur warrior
 13155 | D:13     | Reached skill level 11 in Shields
 13565 | D:13     | Noticed Lodul
 14062 | D:13     | Killed Lodul
 14063 | D:13     | Reached skill level 10 in Fighting
 14196 | D:13     | Noticed a centaur warrior
 14200 | D:13     | Killed a centaur warrior
 14391 | D:13     | Noticed Frances
 14396 | D:13     | Noticed Erolcha
 14402 | D:13     | Killed Frances
 14558 | D:13     | Killed Erolcha
 14736 | Orc:1    | Entered Level 1 of the Orcish Mines
 14744 | Orc:1    | Noticed Sonja
 14992 | D:11     | Killed Sonja
 15309 | Orc:2    | Entered Level 2 of the Orcish Mines
 15309 | Orc:2    | Noticed Jorgrun
 15338 | Orc:1    | Killed Jorgrun
 15339 | Orc:1    | Reached XP level 13. HP: 44/114 MP: 12/12
 15776 | Orc:2    | Found Cosmir's Antique Armour Emporium.
 15910 | Orc:2    | Found Jaitis's Jewellery Shop.
 15962 | Orc:2    | Noticed Maurice
 15973 | Orc:2    | Killed Maurice
 15974 | Orc:2    | Reached skill level 12 in Shields
 16016 | Orc:2    | Found Esheontu's Antique Weapon Shop.
 16034 | Orc:2    | Noticed an orc warlord
 16258 | Orc:1    | Killed an orc warlord
 16736 | Orc:2    | Found Okkonome's Distillery.
 17126 | D:2      | Bought the +5 Storm Queen's Shield {shock, Fly rElec} for
                  | 1048 gold pieces
 17126 | D:2      | Found the +5 Storm Queen's Shield {shock, Fly rElec}
 17561 | Orc:2    | Found Oteschig's General Store.
 17574 | Orc:2    | Found a staircase to the Elven Halls.
 17583 | Elf:1    | Entered Level 1 of the Elven Halls
 17597 | Elf:1    | Noticed a deep elf death mage
 17609 | Elf:1    | Killed a deep elf death mage
 17659 | Elf:1    | Reached skill level 13 in Shields
 18079 | Elf:1    | Noticed Asterion
 18083 | Elf:1    | Reached ***** piety under the Shining One
 18099 | Elf:1    | Killed Asterion
 18100 | Elf:1    | Reached skill level 10 in Throwing
 18100 | Elf:1    | Reached XP level 14. HP: 79/126 MP: 13/13
 18107 | Elf:1    | Reached skill level 15 in Maces & Flails
 19690 | D:14     | Reached skill level 10 in Armour
 19935 | D:14     | Got the Reference Book on Mutable Cold
 19958 | D:14     | Reached skill level 14 in Shields
 19969 | D:14     | Found a gate to the Vaults.
 20116 | D:14     | Found Curo Fibb's Distillery.
 20123 | D:14     | Bought 2 potions of heal wounds for 120 gold pieces
 20336 | D:15     | Entered Level 15 of the Dungeon
 20346 | D:15     | Found Nearuom's Magic Scroll Boutique.
 20682 | D:15     | Found Sipije's General Store.
 20784 | D:15     | Bought a potion of curing for 48 gold pieces
 20899 | D:15     | Reached skill level 15 in Shields
 20971 | D:15     | Found a staircase to the Depths.
 21023 | D:15     | Reached ****** piety under the Shining One
 21071 | D:15     | Reached XP level 15. HP: 134/136 MP: 14/14
 21145 | D:15     | Found a runed translucent gate.
 21146 | D:15     | Found a runed translucent gate.
 21147 | D:15     | Found a runed translucent gate.
 21147 | D:15     | Noticed Wyiwo's ghost (adept FoFi)
 21220 | D:15     | Identified Roxanne's Atlas of Shaping
 21220 | D:15     | Noticed Roxanne
 21579 | D:15     | Found Ekergh's Antique Armour Boutique.
 21648 | D:15     | Killed Roxanne
 21782 | D:15     | Reached skill level 1 in Invocations
 22490 | Elf:1    | Noticed a deep elf sorcerer
 22498 | Elf:1    | Killed a deep elf sorcerer
 22508 | Elf:1    | Got Cunimed's Parchment of Supportive Injury
 22585 | Elf:1    | Reached skill level 16 in Shields
 22585 | Elf:1    | Reached skill level 1 in Evocations
 23253 | Elf:2    | Paralysed by an air elemental for 1 turns
 23258 | Elf:2    | Paralysed by an air elemental for 1 turns
 23610 | Elf:2    | Found a runed translucent gate.
 23611 | Elf:2    | Found a runed translucent gate.
 23611 | Elf:2    | Found a runed translucent gate.
 23962 | Elf:2    | Reached skill level 10 in Dodging
 24019 | Elf:2    | Reached XP level 16. HP: 83/147 MP: 17/17
 24327 | Depths:1 | Entered Level 1 of the Depths
 24336 | Depths:1 | Reached skill level 17 in Shields
 25186 | Depths:1 | Reached skill level 15 in Fighting
 25280 | Depths:1 | Noticed a lich
 25292 | Depths:1 | Killed a lich
 25312 | Depths:1 | Identified 2 scrolls of acquirement
 25355 | Depths:1 | Noticed a tengu reaver
 25376 | Depths:1 | Killed a tengu reaver
 25397 | Depths:1 | You are sucked into a shaft and drop 1 floor!
 25545 | Depths:2 | Noticed a juggernaut
 25575 | Depths:2 | Found a flickering gateway to a bazaar.
 25584 | Depths:2 | Found a gateway to Hell.
 25588 | Bazaar   | Entered a bazaar
 25602 | Bazaar   | Found Ruimm's Weapon Emporium.
 25602 | Bazaar   | Found Puishui's Assorted Antiques.
 25615 | Bazaar   | Found Deodots's Magic Scroll Emporium.
 25687 | Bazaar   | Found Xot Zit's Antique Armour Emporium.
 25687 | Bazaar   | Found Vamewune's Antique Weapon Shoppe.
 25709 | Bazaar   | Found Emar Kud's Jewellery Shoppe.
 25797 | Depths:1 | Found Quckaeje's Gadget Gallery.
 26449 | Hell     | Entered the Vestibule of Hell
 26449 | Hell     | Noticed Geryon
 27171 | Depths:1 | Identified a +2 sacred scourge of holy wrath (a +0 demon
                  | whip of flaming blessed by the Shining One)
 27171 | Depths:1 | Received a gift from the Shining One
 27692 | Depths:1 | Quit the game

Illustrated notes

Levels and vault maps discovered:
D:1:      grunt_arrival_lava_bath, layout_loops_ring
D:2:      layout_basic, serial_shops, shop
D:3:      layout_rooms, minmay_surrounded
D:4:      layout_gridville, mainiacjoe_overflow_alcove_1,
          minmay_temple_entry_antechambers, kennysheep_generic_room_14,
          uniq_edmund
D:5:      layout_basic, mainiacjoe_overflow_cross_hatched,
          palyth_stone_intersect, uniq_duvessa, uniq_blork_the_orc,
          uniq_eustachio
D:6:      nicolae_cairo_tiling_very_big, layout_rooms,
          nicolae_ru_sacrificial_ziggurat, grunt_temple_overflow_octagram,
          minivault_27, minmay_misc_feat_cross
D:7:      layout_cave_pods
D:8:      layout_loops_cross, mainiacjoe_overflow_tiny_flanked, uniq_pikel,
          uniq_psyche, uniq_joseph
D:9:      layout_loops_ring, okawaru_trees_1, erik_lair_island,
          minmay_quadrilaterals
D:10:     minmay_tri_box, layout_rooms
D:11:     layout_basic, minmay_orc_entry_temple_small
D:12:     layout_cave_pools, serial_column_ruins, column_ruins_hut,
          column_ruins_square_large, column_ruins_open_tiny_water,
          column_ruins_grid_1, column_ruins_grid_3, column_ruins_open_tiny,
          column_ruins_open_large, column_ruins_columns_corner, serial_shops,
          shop, nicolae_diode_basic
D:13:     layout_long_grid, hangedman_cracks_in_the_wall, uniq_erolcha,
          uniq_lodul, uniq_frances
D:14:     layout_loops_ring, david_vaults_1, kennysheep_small_spiral,
          serial_shops, nicolae_diamond_shop
D:15:     hangedman_depths_entry_try_elsewhere_first, layout_rooms, special_room
          [special_room_orc], gammafunk_ghost_spectres, serial_shops, shop,
          shop, shop_coins, serial_undead, serial_undead_d, serial_undead_a,
          serial_undead_e, serial_undead_f, serial_undead_a, serial_undead_c,
          serial_undead_a, minivault_26, uniq_roxanne
Temple:   hellmonk_temple_beads
Lair:1:   layout_gridlike, gauntlet_entry_generic, grunt_megastairs_3,
          uniq_gastronok
Orc:1:    layout_diamond_mine, uniq_sonja
Orc:2:    grunt_orc_gardens, layout_caves, grunt_orc_garden, grunt_orc_garden,
          grunt_orc_garden, grunt_orc_garden, serial_shops, shop, uniq_maurice,
          uniq_jorgrun
Elf:1:    layout_rooms, minmay_elf_sorcery, uniq_asterion
Elf:2:    nicolae_elf_blades_crystal_corner, layout_geoelf_diagonals,
          nicolae_elf_theology_debate
Depths:1: layout_cave_pools, hell_entry, nicolae_shop_gadgets
Depths:2: minmay_the_grid_triangle_9x9_recursive_3
          [minmay_the_grid_triangle_9x9_impossible_snake,
          minmay_the_grid_triangle_9x9_subtriangle,
          minmay_the_grid_triangle_9x9_semitri,
          minmay_the_grid_triangle_9x9_prize_special,
          minmay_the_grid_triangle_9x9_from_above,
          minmay_the_grid_triangle_9x9_sparse_checkered,
          minmay_the_grid_triangle_9x9_tough_junction,
          minmay_the_grid_triangle_9x9_sprig,
          minmay_the_grid_triangle_9x9_alien], layout_gridlike, serial_shops,
          bzr_entry_islet, nicolae_shop_bloodbath_and_beyond,
          nicolae_shop_hallway_plus, nicolae_shop_rolling_square, hell_entry,
          rand_demon_pan_entry_1, hangedman_abyss_or_decor_jellyfish_corner
Hell

Skill      XL: |  1  2  3  4  5  6  7  8  9 10 11 12 13 14 15 16 |
---------------+-------------------------------------------------+-----
Armour         | 4 5 6 7 8 9 10 11 | 11.4
Fighting       | 4 5 6 7 8 9 10 12 13 14 15 | 15.3
Shields        | 4 5 6 7 8 9 10 11 13 15 16 17 | 17.9
Long Blades    | 3 4 5 6 7 |  7.2
Dodging        | 1 2 3 4 5 6 7 8 10 | 10.5
Throwing       | 1 3 5 7 8 10 11 | 11.1
Stealth        | 1 2 3 |  3.2
Maces & Flails | 3 7 10 12 14 15 16 | 16.8
Invocations    | 2 3 |  3.5
Evocations     | 1 |  1.3

Action                     |  1- 3 |  4- 6 |  7- 9 | 10-12 | 13-15 | 16-18 || total
---------------------------+-------+-------+-------+-------+-------+-------++-------
  Melee: Long sword        |    65 |   114 |    89 |       |       |       ||   268
         Headbutt          |    14 |    19 |    56 |   156 |   310 |    66 ||   621
         Flail             |       |       |   160 |   490 |   889 |   191 ||  1730
         Sacred scourge    |       |       |       |       |       |     7 ||     7
  Throw: Dart              |       |       |    45 |    64 |    42 |     6 ||   157
         Boomerang         |       |       |    21 |   112 |    62 |    19 ||   214
 Invoke: Divine Shield     |       |       |       |       |     4 |     3 ||     7
         Summon Divine War |       |       |       |       |     2 |     2 ||     4
         Cleansing Flame   |       |       |       |       |     1 |     1 ||     2
         Brand Weapon With |       |       |       |       |       |     1 ||     1
  Evoke: Wand              |       |     5 |       |       |     3 |       ||     8
         Phantom mirror    |       |       |       |     1 |     4 |     1 ||     6
    Use: Potion            |       |     4 |     5 |     3 |    11 |     5 ||    28
         Scroll            |       |     2 |     9 |    20 |    17 |     8 ||    56
 Armour: Scale mail        |    25 |    31 |    39 |       |       |       ||    95
         Ring mail         |       |       |    53 |   108 |   194 |    45 ||   400
  Dodge: Dodged            |    35 |    30 |    71 |   152 |   231 |    80 ||   599
  Block: Buckler           |    20 |    60 |   151 |   254 |   115 |       ||   600
         Reflection        |       |       |     5 |    23 |    63 |     2 ||    93
         Kite shield       |       |       |       |       |   550 |   212 ||   762
